 Dungeon Sprint DCSS version 0.31-a0-799-g6bc09d010c (webtiles) character file.

Game seed: 3531194585543906925

134 sircluck the Ruffian (level 4, -1/75 HPs)
             Began as a Troll Berserker on Sept 19, 2023.
             Was a Priest of Trog.
             Slain by a sun demon (9 damage)
             ... summoned by a kobold demonologist
             ... in the Dungeon (Sprint III: "The Ten Rune Challenge").
             The game lasted 00:01:21 (201 turns).

sircluck the Ruffian (Troll Berserker)               Turns: 201, Time: 00:01:22

Health: -1/75      AC:  6    Str: 27    XL:     4   Next: 95%
Magic:  3/3        EV: 11    Int:  3    God:    Trog [***...]
Gold:   39         SH:  0    Dex:  9    Spells: 3/3 levels left

rFire   + .          .
                       - Unarmed
rCold   . . .        (no shield)
rNeg    . . .        h - +1 robe {rF+}
rPois   +            (helmet restricted)
rElec   .            i - +0 cloak
rCorr   .            (gloves unavailable)
SInv    .            (boots unavailable)
Will    +....        (no amulet) Stlth
                     (no ring)
HPRegen 1.12/turn    (no ring)
MPRegen 0.08/turn

%: no teleportation
@: berserking, very quick
A: large, unfitting armour, claws 3, regeneration 1, shaggy fur 1, tough skin 1,
strong-willed 1, poison resistance, subdued magic 1
a: Renounce Religion, Berserk, Trog's Hand


You were in the Dungeon.
You worshipped Trog.
Trog was most pleased with you.
You visited 1 branch You collected 39 gold pieces.

Inventory:

Armour
 a - a +0 animal skin
 h - a +1 robe of fire resistance (worn)
 i - a +0 cloak (worn)
Scrolls
 g - a scroll of blinking
 k - 2 scrolls of torment {unknown}
 l - 3 scrolls of identify {unknown}
Potions
 b - a potion of curing
 c - a potion of heal wounds
 d - a potion of haste
 e - 2 potions of magic
 f - a potion of berserk rage
 j - 3 potions of mutation
 m - 2 potions of enlightenment
 n - a potion of degeneration {unknown}


   Skills:
 + Level 5.3 Fighting
 + Level 5.3 Dodging
 + Level 6.4 Unarmed Combat


You had 3 spell levels left.
You didn't know any spells.
Your spell library was empty.

Dungeon Overview and Level Annotations

Branches:
Dungeon (1/1)

Altars:
Kikubaaqudgha
Sif Muna
Vehumet


Innate Abilities, Weirdness & Mutations

You are too large for most types of armour.
You have claws for hands.
Your natural rate of healing is unusually fast.
You are covered in fur. (AC +1)
You have tough skin. (AC +1)
You are strong-willed. (Will+)
Your system is resistant to poisons. (rPois)
Your spells are a little easier to cast, but a little less powerful.


Message History

There is a fountain of clear blue water here.
You start waiting.
You recover from your berserk rage.
You open the door.
A wizard comes into view. It is wielding a +0 dagger.
The wizard shouts!
Found a book of Minor Magic.
Found three altars.
You miss the wizard.
A kobold demonologist comes into view. It is wielding a +0 dagger.
The wizard hits you but does no damage.
You scratch the wizard. Your claw misses the wizard.
The wizard is heavily wounded.
The kobold demonologist gestures wildly while chanting.
The wizard hits you but does no damage.
You closely miss the wizard.
The wizard is heavily wounded.
The wizard hits you with a +0 dagger.
The kobold demonologist gestures wildly while chanting.
You barely miss the wizard.
The wizard is heavily wounded.
You scratch the sun demon but do no damage.
You closely miss the sun demon.
The sun demon hits you but does no damage.
You closely miss the sun demon. The sun demon closely misses you.
You barely miss the sun demon.
The kobold demonologist looks satisfied for a moment.
The sun demon hits you!!
You are engulfed in flames!
You resist.
You are too injured to fight recklessly!
You are too injured to fight recklessly!
You are too injured to fight recklessly!
You scratch the sun demon.
The sun demon is lightly wounded.
The kobold demonologist miscasts a cantrip.
The sun demon hits you.
You are engulfed in flames!
You resist.
* * * LOW HITPOINT WARNING * * *
A red film seems to cover your vision as you go berserk!
You feel yourself moving faster!
You feel mighty! The sun demon hits you!
* * * LOW HITPOINT WARNING * * *
You are engulfed in flames!
You resist.
You die...

#..'....♣ ♣.# #..#....♣
♣♣.# ####....♣♣♣ ♣..#
...#....~.♣♣♣♣.###+#+###+
...#)..~~♣.....#.........
...#..~~~~.♣.♣.'.⌠.......
##'#..~≈≈~~~♣..#...######
.)†#.~~≈~~~....#.⌠.#
...#.~≈~~~.....#@..#
...#.~~~.......#3###
####...........#3K
...............#p__
▓▓▓▓▓▓▓▓▓▓▓▓▓▓▓▓▓▓▓▓


You could see a sun demon (summoned), a wizard, a kobold demonologist and a
sixfirhy (summoned).

Vanquished Creatures
  A water elemental (D)
  Crazy Yiuf (D)
  Jessica (D)
  A human (D)
  An endoplasm (D)
  2 rats (D)
7 creatures vanquished.

Notes
Turn   | Place    | Note
-------+----------+-------------------------------------------
     0 | D        | sircluck the Troll Berserker began the quest for the Orb.
     0 | D        | Reached XP level 1. HP: 22/22 MP: 0/0
    11 | D        | Noticed Jessica
    16 | D        | Killed Jessica
    16 | D        | Reached ** piety under Trog
    17 | D        | Reached skill level 4 in Unarmed Combat
    17 | D        | Reached XP level 2. HP: 32/32 MP: 1/1
    18 | D        | Reached XP level 3. HP: 39/39 MP: 2/2
    82 | D        | Noticed Crazy Yiuf
    91 | D        | Killed Crazy Yiuf
    91 | D        | Reached *** piety under Trog
    92 | D        | Reached skill level 5 in Unarmed Combat
    92 | D        | Reached XP level 4. HP: 7/49 MP: 3/3
   114 | D        | Gained mutation: You occasionally lose the ability to drink
                  | potions when taking damage. [potion of mutation]
   114 | D        | Gained mutation: You are dopey. (Int -2) [potion of
                  | mutation]
   114 | D        | Gained mutation: You are partially covered in large bone
                  | plates. (SH +4) [potion of mutation]
   115 | D        | Lost mutation: You are dopey. (Int -2) [potion of mutation]
   115 | D        | Lost mutation: You are partially covered in large bone
                  | plates. (SH +4) [potion of mutation]
   115 | D        | Lost mutation: You occasionally lose the ability to drink
                  | potions when taking damage. [potion of mutation]
   115 | D        | Gained mutation: You are strong-willed. (Will+) [potion of
                  | mutation]
   115 | D        | Gained mutation: Your spells are a little easier to cast,
                  | but a little less powerful. [potion of mutation]
   115 | D        | Gained mutation: Your system is resistant to poisons.
                  | (rPois) [potion of mutation]
   145 | D        | Noticed a water elemental
   154 | D        | Killed a water elemental
   155 | D        | Reached skill level 5 in Fighting
   155 | D        | Reached skill level 5 in Dodging
   155 | D        | Reached skill level 6 in Unarmed Combat
   191 | D        | Found a radiant altar of Vehumet.
   191 | D        | Found a shimmering blue altar of Sif Muna.
   191 | D        | Found an ancient bone altar of Kikubaaqudgha.
   191 | D        | Noticed a wizard
   194 | D        | Noticed a sun demon
   197 | D        | Noticed a sixfirhy
   201 | D        | Slain by a sun demon

Illustrated notes

Levels and vault maps discovered:
D:        dungeon_sprint_mu [sprint_mu_entry_forest, sprint_mu_temple_rooms,
          sprint_mu_d1_spiders, sprint_mu_d2_genie, sprint_mu_d3_branching,
          sprint_mu_orc_legion, sprint_mu_elf_gauntlet, sprint_mu_hive_nellie,
          sprint_mu_lair_fedhas, sprint_mu_vaults_butterflies,
          sprint_mu_slime_circle, sprint_mu_shoals_archi,
          sprint_mu_snake_twists, sprint_mu_blade_basic, sprint_mu_crypt_lich,
          sprint_mu_tomb_spiral, sprint_mu_vestibule_basic,
          sprint_mu_gehenna_hellfire, sprint_mu_dis_giant,
          sprint_mu_tartarus_statrot, sprint_mu_cocytus_islands, sprint_mu_zot1]

Skill      XL: |  1  2  3  4 |
---------------+-------------+-----
Fighting       | 3 4 5 |  5.3
Dodging        | 3 4 5 |  5.3
Unarmed Combat | 4 5 6 |  6.4

Action                     |  1- 3 |  4- 6 || total
---------------------------+-------+-------++-------
  Melee: Unarmed           |    24 |    17 ||    41
         Punch             |       |     1 ||     1
 Invoke: Berserk           |       |     2 ||     2
    Use: Potion            |       |     2 ||     2
   Stab: Sleeping          |     1 |       ||     1
 Armour: Animal skin       |    11 |       ||    11
         Robe              |     4 |     9 ||    13
  Dodge: Dodged            |     9 |     4 ||    13

Table legend: (Time is in decaauts)
 A = Elapsed time spent in this place.
 B = Non-inter-level travel time spent in this place.
 C = Inter-level travel time spent in this place.
 D = Time resting spent in this place.
 E = Time spent auto-exploring this place.
 F = Levels seen in this place.
 G = Mean time per level.
                   A        B        C        D        E       F      G
               +--------+--------+--------+--------+--------+-----+--------+
         Total |    204 |    204 |      0 |     36 |     54 |   1 |  204.0 |
       Dungeon |    204 |    204 |      0 |     36 |     54 |   1 |  204.0 |
               +--------+--------+--------+--------+--------+-----+--------+

Top non-repeatable levels by time:
       D: 204 daAuts
